 Dungeon Crawl Stone Soup version 0.25-a0-410-g53dbb631d1 (console) character file.

Game seed: 15806876698229758792, levelgen mode: deterministic

29 Kagalorn the Sneak (level 3, -1/27 HPs)
             Began as a Human Assassin on Jan 13, 2020.
             Slain by an adder (2 damage)
             ... on level 2 of the Dungeon.
             The game lasted 00:02:17 (990 turns).

Kagalorn the Sneak (Human Assassin)                  Turns: 990, Time: 00:02:19

Health: -1/27      AC:  3    Str: 11    XL:     3   Next: 32%
Magic:  3/3        EV: 12    Int: 12    God:
Gold:   38         SH:  0    Dex: 14    Spells: 2/2 levels left

rFire    . . .     SeeInvis .   a - +3 dagger
rCold    . . .     Gourm    .   (no shield)
rNeg     . . .     Faith    .   b - +0 robe
rPois    .         Spirit   .   (no helmet)
rElec    .         Reflect  .   c - +0 cloak
rCorr    .         Harm     .   (no gloves)
MR       .....                  (no boots)
Stlth    +++.......             (no amulet)
HPRegen  0.09/turn              (no ring)
MPRegen  0.08/turn              (no ring)

@: lethally poisoned (-1 -> -11), flying
A: no striking features
a: no special abilities


You were on level 2 of the Dungeon.
You were not hungry.

You visited 1 branch of the dungeon, and saw 2 of its levels.

You collected 38 gold pieces.

Inventory:

Hand Weapons
 a - a +3 dagger (weapon)
Missiles
 d - 17 poisoned darts (quivered)
 e - 2 curare-tipped darts
 j - 80 stones
Armour
 b - a +0 robe (worn)
 c - a +0 cloak (worn)
Jewellery
 h - a cursed ring of magical power {unknown}
Wands
 p - a wand of iceblast (11)
Scrolls
 i - 2 scrolls of teleportation
Potions
 k - a potion of flight
 l - a potion of cancellation {unknown}
 n - a potion of degeneration {unknown}
 o - a potion of haste {unknown}
Comestibles
 f - 2 rations


   Skills:
 - Level 2.0 Fighting
 - Level 2.0 Short Blades
 - Level 2.0 Throwing
 - Level 1.0 Dodging
 * Level 5.2 Stealth


You had 2 spell levels left.
You didn't know any spells.
Your spell library was empty.

Dungeon Overview and Level Annotations

Branches:
Dungeon (2/15)

Altars:
Qazlal


Message History

* * * LOW HITPOINT WARNING * * *
You feel sick. The adder misses you.
You closely miss the adder. The adder bites you.
* * * LOW HITPOINT WARNING * * *
You are more poisoned.
The adder poisons you!
You hit the adder but do no damage.
* * * LOW HITPOINT WARNING * * *
You feel sick. The adder closely misses you.
You hit the adder.
The adder is severely wounded.
* * * LOW HITPOINT WARNING * * *
You feel sick. The adder bites you but does no damage.
You barely miss the adder.
The adder is severely wounded.
* * * LOW HITPOINT WARNING * * *
You feel sick. The adder bites you.
* * * LOW HITPOINT WARNING * * *
The adder bites you.
You die...

..#### #.########
#.#######....#
..#.........#
#.#.###'###.# #.#.# #)#
#.#########
#...###.###$#.$.....##
####..###_..
...........
......###.## #.......#
......# #.# #.@S....#
......###+### #...(...#
............. #.......#
.........#.# ......=..#
...........#.##.......#
................(.....#
...........# #.......#
.........#.#.##########
###...†)<.......


You could see an adder.

Vanquished Creatures
  An adder (D:2)
  2 bats
  A giant cockroach (D:1)
  2 goblins
  4 hobgoblins
  2 frilled lizards (D:2)
  4 kobolds
  A leopard gecko skeleton (D:2)
  2 rats (D:1)
19 creatures vanquished.

Notes
Turn   | Place    | Note
-------+----------+-------------------------------------------
     0 | D:1      | Kagalorn the Human Assassin began the quest for the Orb.
     0 | D:1      | Reached XP level 1. HP: 16/16 MP: 1/1
   423 | D:1      | Reached XP level 2. HP: 22/22 MP: 2/2
   730 | D:2      | Found a stormy altar of Qazlal.
   978 | D:2      | Reached skill level 5 in Stealth
   978 | D:2      | Reached XP level 3. HP: 13/27 MP: 3/3
   990 | D:2      | HP: 1/27 [adder (2)]
   990 | D:2      | Slain by an adder

Levels and vault maps discovered:
D:1:      kennysheep_arrival_seaside, layout_basic, hex_large
D:2:      layout_basic, lemuel_doored_altar, serial_bayou_pond_c,
          grunt_gozag_statues

Skill      XL: |  1  2 |
---------------+-------+-----
Stealth        | 5 |  5.2
Fighting       | |  2.0
Short Blades   | |  2.0
Throwing       | |  2.0
Dodging        | |  1.0

Action                   || total
-------------------------++-------
Melee: Dagger            ||    59
Throw: Dart              ||     3
  Use: Scroll            ||     3
       Potion            ||     1
 Stab: Sleeping          ||     6
Armor: Robe              ||     5
Dodge: Dodged            ||    23

Table legend:
 A = Non-vault XP
 B = Vault XP
 C = Vault XP percentage of total XP
 D = Non-vault monster count
 E = Vault monster count
 F = Vault count percentage of total count
                 A         B        C        D         E       F
            +---------+---------+-------+---------+---------+-------
      Total |      42 |       0 |   0.0 |      19 |       0 |   0.0
            +---------+---------+-------+---------+---------+-------
        D:1 |      14 |       0 |   0.0 |       9 |       0 |   0.0
        D:2 |      28 |       0 |   0.0 |      10 |       0 |   0.0
            +---------+---------+-------+---------+---------+-------
